 Dungeon Sprint DCSS version 0.21.1-1-g345015fe64 (webtiles) character file.

16493 Htamos the Imperceptible (level 12, -7/60 HPs)
             Began as a Spriggan Enchanter on July 11, 2018.
             Was a High Priest of Okawaru.
             Killed from afar by a fire giant (29 damage)
             ... with a fireball
             ... in the Dungeon (Sprint I: "Red Sonja").
             The game lasted 00:19:04 (2892 turns).

Htamos the Imperceptible (Spriggan Enchanter)       Turns: 2892, Time: 00:19:05

Health: -7/60      AC:  0    Str:  4    XL:     12   Next: 10%
Magic:  13/23      EV: 35    Int: 22    God:    Okawaru [*****.]
Gold:   339        SH:  0    Dex: 30    Spells: 29/35 levels left

rFire    . . .     SeeInvis +   w - +2 short sword (distort)
rCold    . . .     Gourm    .   (shield restricted)
rNeg     . . .     Faith    .   (armour restricted)
rPois    .         Spirit   .   (helmet restricted)
rElec    +         Reflect  .   (no cloak)
rCorr    .         Harm     .   (gloves unavailable)
MR       ++++.     NoTele   +   (boots unavailable)
Stlth    +++++++++.             (no amulet)
HPRegen  0.20/turn              q - ring of the Mage {Wiz MR++ Int+3}
MPRegen  0.18/turn              u - ring "Lonkuliqo" {-Tele Int+4 Dex+9 SInv}

@: very quick
A: very small, unfitting armour, see invisible, dopey 1, herbivore, speed 3,
frail 1, low mp 2, sense surroundings 1, electricity resistance, slow metabolism
2, subdued magic 3, MP-powered wands
a: Heroism, Finesse, Renounce Religion


You were in the Dungeon.
You worshipped Okawaru.
Okawaru was extremely pleased with you.
You were hungry.

You visited 1 branch You collected 1880 gold pieces.
You spent 1541 gold pieces at shops.

Inventory:

Hand Weapons
 a - a +1 dagger
 w - a +2 short sword of distortion (weapon)
Missiles
 y - 4 tomahawks of returning (quivered)
 A - 5 needles of confusion
Armour
 b - a +0 robe
 v - the +1 robe "Risch" {-Cast rCorr Str+3 Int+6}
   (You bought it in a shop in the Dungeon)

   It affects your strength (+3).
   It affects your intelligence (+6).
   It prevents spellcasting.
   It protects you from acid and corrosion.
Jewellery
 i - a +1 ring of slaying {unknown}
 k - an uncursed ring of positive energy
 l - an uncursed ring of stealth
 q - the ring of the Mage (left hand) {Wiz MR++ Int+3}
   (You bought it in a shop in the Dungeon)

   [ring of wizardry]

   It improves your spell success rate.
   It affects your intelligence (+3).
   It affects your resistance to hostile enchantments.
 u - the ring "Lonkuliqo" (right hand) {-Tele Int+4 Dex+9 SInv}
   (You bought it in a shop in the Dungeon)

   [ring of intelligence]

   It affects your intelligence (+4).
   It affects your dexterity (+9).
   It lets you see invisible.
   It prevents most forms of teleportation.
Wands
 e - a wand of polymorph (16)
 m - a wand of acid (8)
 p - a wand of flame (32)
Scrolls
 j - 2 scrolls of blinking
 o - a scroll of identify {unknown}
 r - a scroll of enchant weapon {unknown}
 s - a scroll of silence {unknown}
 z - a scroll of random uselessness {unknown}
Potions
 f - 2 potions of curing
 g - a potion of haste
 h - a potion of magic
 n - a potion of mutation {unknown}
 t - a potion of brilliance {unknown}
Books
 c - a book of Maledictions

   Spells                             Type                      Level
   a - Corona                         Hexes                        1
   b - Ensorcelled Hibernation        Hexes/Ice                    2
   c - Confuse                        Hexes                        3
   d - Tukima's Dance                 Hexes                        3
   e - Dazzling Spray                 Conjuration/Hexes            3
Comestibles
 d - 2 rations


   Skills:
 - Level 10.0 Fighting
 - Level 11.8 Short Blades
 - Level 14.3 Dodging
 - Level 23.2 Stealth
 - Level 12.0 Spellcasting
 * Level 18.1 Hexes
 - Level 0.3 Ice Magic


You had 29 spell levels left.
You knew the following spells:

 Your Spells              Type           Power        Failure   Level  Hunger
a - Corona                Hex            #####..      0%          1    None
b - Ensorcelled Hibernat  Hex/Ice        ####..       0%          2    None
c - Confuse               Hex            #####...     0%          3    None


Dungeon Overview and Level Annotations

Branches:
Dungeon (1/1)

Altars:
Cheibriados
Dithmenos
Elyvilon
Fedhas
Gozag
Hepliaklqana
Kikubaaqudgha
Makhleb
Nemelex Xobeh
Okawaru
Qazlal
Ru
Sif Muna
Trog
Uskayaw
Vehumet
Wu Jian
Xom
Yredelemnul
Zin
The Shining One
Jiyva
Lugonu

Shops:
D ((!=!?}}*[*[[}(=??*[*


Innate Abilities, Weirdness & Mutations

You are very small and have problems with some larger weapons.
You are too small for most types of armour.
You have supernaturally acute eyesight. (SInv)
You are a herbivore.
You cover ground extremely quickly.
You need consume almost no food.
You are dopey. (Int -2)
You are frail. (-10% HP)
Your magical capacity is very low. (-20% MP)
You passively map a small area around you.
You are resistant to electric shocks. (rElec)
Your spells are much easier to cast, but much less powerful.
You expend magic power (3 MP) to strengthen your wands.


Message History

Ouch! That really hurt!
* * * LOW HITPOINT WARNING * * *
You feel much better.
Casting: Confuse
Confirm with . or Enter, or press ? or * to list all spells.
Aiming: Confuse
Press: ? - help, Shift-Dir - straight line, f/p - fire giant
Aim: a fire giant, wielding a great sword of flaming (chance to defeat MR: 21%)
The fire giant resists with almost no effort.
The fire giant hits you with a great sword of flaming!
The fire giant burns you.
Casting: Confuse
Confirm with . or Enter, or press ? or * to list all spells.
Aiming: Confuse
Press: ? - help, Shift-Dir - straight line, f/p - fire giant
Aim: a fire giant, wielding a great sword of flaming (chance to defeat MR: 21%)
The fire giant resists with almost no effort.
The fire giant gestures at you while chanting.
The fireball explodes!
The fireball engulfs you!
You die...

#...§.# ,,
#§§###$# #
#.†...+
##.#A#$# ≈
* * *
###§§§# ,
,,#..###$#
, '.#§§§# *
#.##..$#, *
#.#.§## ,
#..#+### ,
, #.#..# *
*##...# ,
#.##+# * ,
,###.# ≈ ,
#.# , , #.#
* '§# , ,
#@# , #§#
####C# ,
#§# ,,
###.).C# ≈≈
§§#
#C.)####
###
,C....C.###
* *
,...####
,,, ≈ ≈ .,
, , , ≈ ,
,, , * *


You could see 2 fire giants.

Vanquished Creatures
  A fire giant (D)
  A hydra (D)
  2 centaur warriors (D)
  Sonja (D)
  7 unseen horrors (D)
  A deep troll (D)
  A lindwurm (D)
  5 shining eyes (D)
  An oklob plant (D)
  A gargoyle (D)
  2 kobold demonologists (D)
  4 demonic crawlers (D)
  A hornet (D)
  A slime creature (D)
  Sigmund (D)
  2 redbacks (D)
  A yak (D)
  10 hogs (D)
  7 floating eyes (D)
  7 necrophages (D)
  An ogre (D)
  8 jellies (D)
  Ijyb (D)
67 creatures vanquished.

Vanquished Creatures (others)
  A shining eye (D)
  A gargoyle (D)
  3 hogs (D)
  2 ballistomycete spores (D)
7 creatures vanquished.

Grand Total: 74 creatures vanquished

Notes
Turn   | Place    | Note
-------+----------+-------------------------------------------
     0 | D        | Htamos the Spriggan Enchanter began the quest for the Orb.
     0 | D        | Reached XP level 1. HP: 9/9 MP: 5/5
     2 | D        | Noticed Ijyb
    15 | D        | Killed Ijyb
    15 | D        | Reached skill level 6 in Stealth
    15 | D        | Reached skill level 5 in Hexes
    15 | D        | Reached XP level 2. HP: 5/15 MP: 6/6
    85 | D        | Noticed an ogre
    90 | D        | Learned a level 2 spell: Ensorcelled Hibernation
    91 | D        | Killed an ogre
    91 | D        | Reached skill level 9 in Stealth
    91 | D        | Reached XP level 3. HP: 20/20 MP: 5/8
    91 | D        | Reached XP level 4. HP: 24/24 MP: 5/9
    96 | D        | Noticed Sigmund
    98 | D        | Killed Sigmund
    98 | D        | Reached skill level 11 in Stealth
    98 | D        | Reached XP level 5. HP: 30/30 MP: 5/10
   117 | D        | Found a burning altar of Makhleb.
   117 | D        | Found a shimmering altar of Xom.
   117 | D        | Noticed a slime creature
   118 | D        | Found a viscous altar of Jiyva.
   118 | D        | Found a corrupted altar of Lugonu.
   128 | D        | Killed a slime creature
   128 | D        | Reached skill level 5 in Fighting
   128 | D        | Reached skill level 13 in Stealth
   128 | D        | Reached skill level 10 in Hexes
   128 | D        | Reached XP level 6. HP: 36/36 MP: 4/11
   130 | D        | Found an ornate altar of the Wu Jian Council.
   130 | D        | Found a deep blue altar of Sif Muna.
   132 | D        | Found a radiant altar of Vehumet.
   162 | D        | Found Quiveli's Jewellery Emporium.
   162 | D        | Found an ancient bone altar of Kikubaaqudgha.
   162 | D        | Found a hazy altar of Hepliaklqana.
   162 | D        | Found a hide-covered altar of Uskayaw.
   162 | D        | Found a basalt altar of Yredelemnul.
   162 | D        | Found an opulent altar of Gozag.
   162 | D        | Found a snail-covered altar of Cheibriados.
   162 | D        | Found a sacrificial altar of Ru.
   162 | D        | Found a shadowy altar of Dithmenos.
   162 | D        | Noticed a yak
   163 | D        | Found a stormy altar of Qazlal.
   163 | D        | Found a blossoming altar of Fedhas.
   163 | D        | Found a bloodstained altar of Trog.
   163 | D        | Found an iron altar of Okawaru.
   163 | D        | Found a glowing golden altar of the Shining One.
   163 | D        | Found a glowing silver altar of Zin.
   163 | D        | Found a white marble altar of Elyvilon.
   164 | D        | Killed a yak
   164 | D        | Reached skill level 14 in Stealth
   164 | D        | Reached XP level 7. HP: 40/40 MP: 7/12
   165 | D        | Found a sparkling altar of Nemelex Xobeh.
   209 | D        | Bought an uncursed ring of stealth for 192 gold pieces
   216 | D        | Noticed Sonja
   225 | D        | Killed Sonja
   225 | D        | Reached skill level 17 in Stealth
   225 | D        | Reached XP level 8. HP: 6/44 MP: 10/13
   504 | D        | Noticed a deep troll
   508 | D        | Killed a deep troll
   508 | D        | Reached skill level 18 in Stealth
   520 | D        | Found Kuchima's Armour Emporium.
   539 | D        | Noticed a centaur warrior
   539 | D        | Noticed a centaur warrior
   542 | D        | Killed a centaur warrior
   542 | D        | Reached skill level 20 in Stealth
   542 | D        | Reached XP level 9. HP: 48/48 MP: 14/14
   544 | D        | Killed a centaur warrior
   544 | D        | Reached skill level 22 in Stealth
   555 | D        | HP: 2/48 [poisoned by a hornet]
   819 | D        | Noticed an oklob plant
   821 | D        | Killed an oklob plant
   827 | D        | Reached skill level 23 in Stealth
  1128 | D        | Bought the ring of the Mage {Wiz MR++ Int+3} for 568 gold pieces
  1128 | D        | Found the ring of the Mage {Wiz MR++ Int+3}
  1129 | D        | Became a worshipper of Warmaster Okawaru
  1136 | D        | Killed a gargoyle
  1161 | D        | Noticed an unseen horror
  1162 | D        | Noticed an unseen horror
  1168 | D        | Killed an unseen horror
  1168 | D        | Reached * piety under Okawaru
  1168 | D        | Reached skill level 10 in Dodging
  1168 | D        | Reached XP level 10. HP: 53/53 MP: 14/16
  1170 | D        | Killed an unseen horror
  1170 | D        | Reached skill level 5 in Short Blades
  1170 | D        | Reached skill level 15 in Hexes
  1241 | D        | Reached ** piety under Okawaru
  1280 | D        | Reached skill level 5 in Spellcasting
  1359 | D        | Learned a level 3 spell: Confuse
  1519 | D        | Found Qusoirhe's Gadget Shoppe.
  1519 | D        | Found Alory's Gadget Shop.
  1519 | D        | Found Axte's General Store.
  1521 | D        | Found Joaxauw's Armour Emporium.
  1521 | D        | Found Laitsuef's Assorted Antiques.
  1521 | D        | Found Juck's Antique Armour Shoppe.
  1521 | D        | Found Bisam's Armour Boutique.
  1521 | D        | Found Qonee's Gadget Emporium.
  1521 | D        | Found Ehemnast's Weapon Shop.
  1521 | D        | Found Exzim's Jewellery Shoppe.
  1525 | D        | Found Qukk's Magic Scroll Boutique.
  1526 | D        | Found Bixtotep's General Store.
  1526 | D        | Found Doisuirch's Magic Scroll Boutique.
  1527 | D        | Found Xisoicli's Assorted Antiques.
  1532 | D        | Bought the ring "Lonkuliqo" {-Tele Int+4 Dex+9 SInv} for 515 gold pieces
  1545 | D        | Bought a ripped robe for 136 gold pieces
  1555 | D        | Identified the +1 robe "Risch" {-Cast rCorr Str+3 Int+6} (You bought it in a shop in the Dungeon)
  1604 | D        | Found Meytaacvu's Antique Weapon Boutique.
  1614 | D        | Noticed a shining eye
  1614 | D        | Noticed a shining eye
  1614 | D        | Noticed a shining eye
  1614 | D        | Noticed a shining eye
  1614 | D        | Noticed a shining eye
  1614 | D        | Noticed a shining eye
  1621 | D        | Paralysed by a floating eye for 3 turns
  1629 | D        | Gained mutation: Your spells are a little easier to cast, but a little less powerful. [a shining eye]
  1637 | D        | Gained mutation: You are resistant to electric shocks. (rElec) [a shining eye]
  1642 | D        | Gained mutation: You passively map a small area around you. [a shining eye]
  1651 | D        | Gained mutation: Your spells are easier to cast, but less powerful. [a shining eye]
  1660 | D        | Gained mutation: You expend magic power (3 MP) to strengthen your wands. [a shining eye]
  1660 | D        | Gained mutation: Your spells are much easier to cast, but much less powerful. [a shining eye]
  1664 | D        | Gained mutation: Your magical capacity is low. (-10% MP) [a shining eye]
  1666 | D        | Killed a shining eye
  1672 | D        | Gained mutation: You are frail. (-10% HP) [a shining eye]
  1680 | D        | Noticed a shining eye
  1680 | D        | Noticed a shining eye
  1681 | D        | Killed a shining eye
  1687 | D        | Killed a shining eye
  1687 | D        | Reached *** piety under Okawaru
  1689 | D        | Gained mutation: Your magical capacity is very low. (-20% MP) [a shining eye]
  1696 | D        | Killed a shining eye
  1696 | D        | Reached XP level 11. HP: 52/52 MP: 17/19
  1701 | D        | Banished a shining eye
  1741 | D        | Found Moumar's Distillery.
  1741 | D        | Found Hosourgh's Antique Weapon Shoppe.
  1741 | D        | Found Geuxit's Magic Scroll Boutique.
  1741 | D        | Found Riduth's Distillery.
  1748 | D        | Bought a potion of heal wounds for 55 gold pieces
  1755 | D        | Bought a scroll of blinking for 75 gold pieces
  1776 | D        | Gained mutation: You are dopey. (Int -2) [a shining eye]
  1777 | D        | Killed a shining eye
  1826 | D        | Reached **** piety under Okawaru
  1903 | D        | Received a gift from Okawaru
  1903 | D        | Reached skill level 10 in Short Blades
  1942 | D        | Noticed a lindwurm
  1945 | D        | Killed a lindwurm
  1945 | D        | Reached skill level 10 in Spellcasting
  1975 | D        | Received a gift from Okawaru
  2146 | D        | Noticed a daeva
  2150 | D        | Noticed an unseen horror
  2150 | D        | Noticed an unseen horror
  2150 | D        | Noticed an unseen horror
  2150 | D        | Noticed an unseen horror
  2153 | D        | Killed an unseen horror
  2164 | D        | Killed an unseen horror
  2424 | D        | Noticed a 12-headed hydra
  2426 | D        | Killed a 12-headed hydra
  2426 | D        | Reached ***** piety under Okawaru
  2860 | D        | Noticed an unseen horror
  2861 | D        | Killed an unseen horror
  2863 | D        | Killed an unseen horror
  2865 | D        | Killed an unseen horror
  2865 | D        | Reached XP level 12. HP: 59/59 MP: 17/23
  2869 | D        | Noticed a fire giant
  2872 | D        | Noticed a fire giant
  2876 | D        | Noticed a fire giant
  2883 | D        | Noticed a fire giant
  2883 | D        | Killed a fire giant
  2883 | D        | Received a gift from Okawaru
  2883 | D        | Reached skill level 10 in Fighting
  2892 | D        | Killed from afar by a fire giant

Skill      XL: |  1  2  3  4  5  6  7  8  9 10 11 12 |
---------------+-------------------------------------+-----
Fighting       | 2 3 4 5 6 7 9 10 | 10.0
Stealth        | 6 9 11 13 14 17 20 23 | 23.2
Hexes          | 5 7 9 10 11 12 13 14 16 18 | 18.1
Dodging        | 4 6 7 8 9 10 11 13 14 | 14.3
Short Blades   | 2 3 4 8 11 | 11.8
Spellcasting   | 3 7 12 | 12.0
Ice Magic      | |  0.3

Action                   |  1- 3 |  4- 6 |  7- 9 | 10-12 || total
-------------------------+-------+-------+-------+-------++-------
Melee: Unarmed           |     9 |       |       |       ||     9
       Dagger            |     4 |     5 |    15 |    33 ||    57
       Short sword       |       |       |       |    77 ||    77
 Cast: Ensorcelled Hiber |     1 |     2 |     3 |    27 ||    33
       Confuse           |       |       |       |    18 ||    18
  Use: Potion            |     1 |       |     1 |     4 ||     6
 Stab: Sleeping          |     2 |     5 |     9 |    37 ||    53
       Confused          |       |       |       |     9 ||     9
       Distracted        |       |       |       |     2 ||     2
Armor: Skin              |     1 |       |       |       ||     1
       Robe              |       |       |     1 |       ||     1
Dodge: Dodged            |     8 |     1 |    12 |    42 ||    63
